AoeStats
← Rye

Arabia

510326388Analyzed
1v1 RM · 2d ago on Sep 30, 2026· 32m 18s· 2 players
Game mode
Random Map
Map size
Tiny (2 player)
Population
200
Speed
Normal
Resources
Standard
Victory
Conquest
Starting age
Dark Age
Ending age
Imperial Age
RankedLock teamsTeams togetherTeam positionsShared explorationLock speedFull tech treeHidden civsTurbo modeCheats
Victory
Defeat
🇨🇳 Burgundians · China
1630
+14
🇺🇸 Ethiopians · United States
1576
-14
BigAl
7:02 Loom
9:52 Feudal Age
10:25 Town Watch
20:49 Fletching
26:19 Castle Age
25:43 Padded Archer Armor
26:57 Bodkin Arrow
26:43 Crossbowman
27:38 Thumb Ring
27:31 Double-Bit Axe
27:26 Horse Collar
Rye
3:22 Double-Bit Axe
5:54 Loom
9:00 Feudal Age
8:15 Horse Collar
22:42 Fletching
27:10 Castle Age
26:14 Scale Barding Armor
26:51 Padded Archer Armor
27:52 Forging
Connection lost

Rejoining the realm…

Still unreachable

The connection could not be restored.

Session expired

The server has moved on; the page needs a fresh start.